 Dungeon Crawl Stone Soup version 0.26.1-11-gd32895ea62 (webtiles) character file.

Game seed: 12493141543653796473

86 vvl the Skirmisher (level 4, -6/31 HPs)
             Began as an Octopode Fighter on July 12, 2021.
             Mangled by a centaur (7 damage)
             ... on level 3 of the Dungeon.
             The game lasted 00:03:30 (2188 turns).

vvl the Skirmisher (Octopode Fighter)               Turns: 2188, Time: 00:03:31

Health: -6/31      AC:  1    Str: 16    XL:     4   Next: 50%
Magic:  14/14      EV: 11    Int: 10    God:
Gold:   140        SH:  8    Dex: 11    Spells: 4/4 levels left

rFire    . . .     SeeInvis .   c - +1 short sword (venom)
rCold    . . .     Faith    .   a - +0 kite shield
rNeg     . . .     Spirit   .   (helmet restricted)
rPois    .         Reflect  .   (no amulet)
rElec    .         Harm     .   d - ring of magical power
rCorr    .         Rampage  .   (no ring)
Will     .....                  (no ring)
Stlth    ++........             (no ring)
HPRegen  0.10/turn              (no ring)
MPRegen  0.14/turn              (no ring)
                                (no ring)
                                (no ring)

@: no status effects
A: almost no armour, stealthy swim, amphibious, 8 rings, constrict 8, camouflage
1, gelatinous body 1
a: no special abilities


You were on level 3 of the Dungeon.
You visited 1 branch of the dungeon, and saw 3 of its levels.

You collected 140 gold pieces.

Inventory:

Hand Weapons
 c - a +1 short sword of venom (weapon)
 j - a cursed -1 spear
Armour
 a - a +0 kite shield (worn)
Jewellery
 d - a ring of magical power (left tentacle)
Scrolls
 e - 2 scrolls of remove curse {unknown}
 g - a scroll of fear {unknown}
 h - a scroll of blinking {unknown}
 i - 2 scrolls of identify {unknown}
 k - a scroll of immolation {unknown}
 l - a scroll of magic mapping {unknown}
Potions
 b - 2 potions of might
 f - a potion of cancellation {unknown}


   Skills:
 + Level 3.3 Fighting
 + Level 3.2 Dodging
 + Level 3.2 Shields
 * Level 2.6 Unarmed Combat
 + Level 0.9 Spellcasting
 * Level 1.7 Transmutations
 + Level 1.4 Poison Magic


You had 4 spell levels left.
You didn't know any spells.
Your spell library was empty.

Dungeon Overview and Level Annotations

Branches:
Dungeon (3/15)

Altars:
Zin


Innate Abilities, Weirdness & Mutations

You cannot wear most types of armour.
You are very stealthy in the water. (Stealth+)
You are amphibious.
You can wear up to eight rings at the same time.
You can use your tentacles to constrict eight enemies at once.
Your skin changes colour to match your surroundings (Stealth+).
Your rubbery body absorbs attacks. (AC +1, EV +1)


Message History

The centaur hits you.
* * * LOW HITPOINT WARNING * * *
You are too injured to fight recklessly!
You are too injured to fight recklessly!
You are too injured to fight recklessly!
You hit the centaur.
The centaur is poisoned.
Your squeeze misses the centaur.
The centaur is moderately wounded.
The centaur hits you.
* * * LOW HITPOINT WARNING * * *
You block the centaur's attack.
You puncture the centaur!
You squeeze the centaur, but do no damage.
The centaur is almost dead.
You block the centaur's attack.
You barely miss the centaur.
The centaur is almost dead.
The centaur hits you.
* * * LOW HITPOINT WARNING * * *
The centaur hits you!
You die...

######
#....######.#
#<##.#.@cg..#
####.#(###..#
#.(.# # #####


You could see a centaur (very poisoned) and a hobgoblin.

Vanquished Creatures
  2 adders (D:2)
  An ooze (D:2)
  2 leopard geckos
  2 ball pythons
  10 bats
  6 giant cockroaches
  5 hobgoblins
  2 jackals (D:2)
  2 quokkas (D:2)
  2 frilled lizards (D:2)
  5 goblins
  5 kobolds
  20 rats
64 creatures vanquished.

Notes
Turn   | Place    | Note
-------+----------+-------------------------------------------
     0 | D:1      | vvl the Octopode Fighter began the quest for the Orb.
     0 | D:1      | Reached XP level 1. HP: 16/16 MP: 1/1
   177 | D:1      | Reached XP level 2. HP: 15/21 MP: 2/2
   725 | D:1      | Reached skill level 1 in Transmutations
   879 | D:2      | Reached XP level 3. HP: 26/26 MP: 3/3
   892 | D:2      | Reached skill level 1 in Poison Magic
   966 | D:2      | Found a faded altar of an unknown god.
  1254 | D:2      | Reached XP level 4. HP: 27/31 MP: 5/5
  1660 | D:2      | Found a glowing silver altar of Zin.
  2180 | D:3      | Noticed a centaur
  2188 | D:3      | HP: 1/31 [centaur (3)]
  2188 | D:3      | Mangled by a centaur

Illustrated notes

Levels and vault maps discovered:
D:1:      psy_arrival_terrarium, layout_basic, grunt_decor_clamped
D:2:      layout_loops_ring, zin_treasury, chequers_ecumenical_altar_island,
          minmay_rat_hole
D:3:      layout_basic

Skill      XL: |  1  2  3 |
---------------+----------+-----
Transmutations | 1 |  1.7
Poison Magic   | 1 |  1.4
Fighting       | |  3.3
Dodging        | |  3.2
Shields        | |  3.2
Unarmed Combat | |  2.6
Spellcasting   | |  0.9

Action                   |  1- 3 |  4- 6 || total
-------------------------+-------+-------++-------
Melee: Unarmed           |    11 |       ||    11
       Short sword       |    80 |    23 ||   103
       Constrict         |    25 |     3 ||    28
       Tentacles         |    14 |     4 ||    18
       Punch             |     2 |     1 ||     3
 Stab: Sleeping          |     6 |     4 ||    10
Armor: Skin              |     5 |     1 ||     6
Dodge: Dodged            |    46 |    10 ||    56
Block: Kite shield       |    39 |    11 ||    50
